 Dungeon Crawl Stone Soup version 0.29-a0-613-gf2c431b9b9 (webtiles) character file.

Game seed: 3538860346913730246

158 moldycheese5 the Skirmisher (level 5, -2/42 HPs)
             Began as a Demonspawn Abyssal Knight on June 16, 2022.
             Was a Priest of Lugonu.
             Slain by an iguana (3 damage)
             ... on level 3 of the Dungeon.
             The game lasted 00:07:20 (5177 turns).

moldycheese5 the Skirmisher (DsAK)                  Turns: 5177, Time: 00:07:20

Health: -2/42      AC:  3    Str: 22    XL:     5   Next: 16%
Magic:  6/6        EV: 12    Int: 11    God:    Lugonu [***...]
Gold:   107        SH:  0    Dex: 13    Spells: 4/4 levels left

rFire   . . .      SeeInvis .     - Unarmed
rCold   . . .      Faith    .   (no shield)
rNeg    . . .      Spirit   .   b - +0 leather armour
rPois   .          Reflect  .   (no helmet)
rElec   .          Harm     .   (no cloak)
rCorr   .          Rampage  .   (gloves unavailable)
Will    .....                   (no boots)
Stlth   +.........              (no amulet)
HPRegen 0.14/turn               h - +6 ring of strength
MPRegen 0.10/turn               (no ring)

@: no status effects
A: demonic touch 3
a: Renounce Religion, Depart the Abyss, Bend Space, Banish


You were on level 3 of the Dungeon.
You worshipped Lugonu.
Lugonu was most pleased with you.
You visited 1 branch of the dungeon, and saw 4 of its levels.
You visited the Abyss 1 time.

You collected 107 gold pieces.

Inventory:

Hand Weapons
 a - a +1 falchion
Armour
 b - a +0 leather armour (worn)
Jewellery
 h - a +6 ring of strength (left hand)
 p - a ring of resist corrosion
Wands
 j - a wand of flame (26)
 l - a wand of acid (4)
Scrolls
 d - 2 scrolls of poison {unknown}
 e - 2 scrolls of amnesia
 k - a scroll of fear
 n - 4 scrolls of identify
 o - a scroll of magic mapping {unknown}
 q - a scroll of silence {unknown}
Potions
 c - 7 potions of curing
 f - a potion of flight {unknown}
 g - a potion of haste {unknown}
 i - a potion of mutation {unknown}
 m - a potion of resistance {unknown}


   Skills:
 + Level 3.9 Fighting
 + Level 2.2 Long Blades
 + Level 2.5 Armour
 + Level 2.0 Dodging
 + Level 0.5 Stealth
 + Level 2.0 Unarmed Combat
 + Level 2.4 Invocations


You had 4 spell levels left.
You didn't know any spells.
Your spell library contained the following spells:

 Spells                   Type           Power      Damage    Failure   Level
 Sting                    Tmut/Pois      0%         1d3       38%         1
 Summon Small Mammal      Summ           0%         N/A       38%         1
 Poisonous Vapours        Pois/Air       0%         N/A       52%         2
 Sublimation of Blood     Necr           0%         N/A       52%         2
 Wereblood                Tmut           0%         N/A       52%         2
 Call Canine Familiar     Summ           0%         N/A       77%         3
 Summon Guardian Golem    Hex/Summ       0%         N/A       77%         3
 Olgreb's Toxic Radiance  Pois           0%         N/A       99%         4
 Fireball                 Conj/Fire      0%         3d3       100%        5
 Starburst                Conj/Fire      0%         6d3       100%        6
 Summon Hydra             Summ           0%         N/A       100%        7
 Ignition                 Fire           0%         3d3       100%        8


Dungeon Overview and Level Annotations

Branches:
Dungeon (4/15)
 Temple: D:4-7

Altars:
Xom
Yredelemnul
Beogh


Innate Abilities, Weirdness & Mutations

Your touch may irresistibly damage your foes and sap their willpower.


Message History

The iguana bites you. The orc barely misses you. The kobold barely misses you.
You hit the iguana but do no damage. Your touch misses the iguana.
The iguana is almost dead.
The iguana barely misses you. The kobold barely misses you.
The orc barely misses you.
You barely miss the iguana.
The iguana is almost dead.
The iguana closely misses you. The kobold hits you with a +0 dagger.
The orc hits you with a +0 flail.
You barely miss the iguana.
The iguana is almost dead.
The iguana barely misses you. The kobold hits you with a +0 dagger.
The orc hits you with a +0 flail!
* * * LOW HITPOINT WARNING * * *
You are too injured to fight recklessly!
You are too injured to fight recklessly!
You are too injured to fight recklessly!
You are too injured to fight recklessly!
The iguana attacks as you move away! The iguana bites you.
* * * LOW HITPOINT WARNING * * *
There is a stone staircase leading up here.
The iguana bites you but does no damage.
The kobold closely misses you.
You climb upwards.
There is a stone staircase leading down here.
You hit the iguana but do no damage.
The iguana is almost dead.
The iguana barely misses you. The kobold hits you but does no damage.
You hit the iguana but do no damage.
The iguana is almost dead.
The iguana bites you!
* * * LOW HITPOINT WARNING * * *
The kobold completely misses you.
You hit the iguana but do no damage.
The iguana is almost dead.
The iguana completely misses you. The kobold barely misses you.
You closely miss the iguana.
The iguana is almost dead.
The iguana bites you.
You die...

#..#.# #..#.# #.##.# #.# ##
#..#.# #..#.#####.##.# #.#
.####..#.###.............#####.##
.......#.........................
.##.#.................##.#####.##
.##.#..#.##...........##.#####.##
........).......................#
..........(.....K................
...............l@...[.....####.##
.##.#..##.#......##.#............
................<..............##
.......#.................#####.##
.##....#..##.....##....#.# #.##
.##....#..##........#..#.#####.##
.##.#..#..##..#..##..............
.##...........#..##....####.##.##
.####..#.........).............##


You could see an iguana and a kobold.

Vanquished Creatures
  An iguana (D:3)
  Ijyb (D:3)
  Robin (D:3)
  2 adders (D:2)
  A dart slug (D:1)
  4 orcs
  7 endoplasms
  3 giant cockroaches
  12 goblins
  5 hobgoblins
  7 jackals
  2 kobolds (D:3)
  A quokka (D:2)
  8 ball pythons
  4 bats
  4 frilled lizards
  5 rats (D:1)
68 creatures vanquished.

Notes
Turn   | Place    | Note
-------+----------+-------------------------------------------
     0 | Abyss:1  | moldycheese5 the Demonspawn Abyssal Knight began the quest
                  | for the Orb.
     0 | Abyss:1  | Reached XP level 1. HP: 18/18 MP: 2/2
     0 | D:1      | Escaped the Abyss
   278 | D:1      | Gained mutation: Your touch may inflict minor irresistible
                  | damage on your foes. [demonic ancestry]
   278 | D:1      | Reached XP level 2. HP: 15/24 MP: 3/3
   280 | D:1      | Reached ** piety under Lugonu
   651 | D:1      | HP: 1/24 [ball python (2)]
  1075 | D:1      | Reached skill level 1 in Dodging
  1392 | D:1      | Gained mutation: Your touch may inflict irresistible damage
                  | on your foes. [demonic ancestry]
  1392 | D:1      | Reached XP level 3. HP: 28/30 MP: 4/4
  2410 | D:2      | Found a faded altar of an unknown god.
  2508 | D:2      | Reached skill level 1 in Unarmed Combat
  3185 | D:3      | Reached XP level 4. HP: 19/37 MP: 5/5
  3396 | D:3      | Found a shimmering altar of Xom.
  3494 | D:3      | Noticed Robin
  3508 | D:3      | Killed Robin
  3915 | D:3      | Noticed Ijyb
  3961 | D:3      | Killed Ijyb
  4360 | D:3      | Gained mutation: Your touch may irresistibly damage your
                  | foes and sap their willpower. [demonic ancestry]
  4360 | D:3      | Reached XP level 5. HP: 7/42 MP: 6/6
  4737 | D:3      | Reached *** piety under Lugonu
  5036 | D:3      | Found a basalt altar of Yredelemnul.
  5175 | D:3      | HP: 1/42 [iguana (9)]
  5177 | D:3      | Slain by an iguana

Illustrated notes

Levels and vault maps discovered:
D:1:      lightli_arrival_lavapool, layout_basic
D:2:      layout_basic, hellmonk_ecumenical_altar_defaced_shrine
D:3:      layout_basic, tgw_xom, lemuel_coloured_pillars_altar,
          kennysheep_generic_room_9, uniq_robin, uniq_ijyb
D:4:      layout_basic, lightli_temple_of_fire,
          mainiacjoe_overflow_large_starburst, serial_shops, shop

Skill      XL: |  1  2  3  4 |
---------------+-------------+-----
Long Blades    | 2 |  2.2
Dodging        | 1 2 |  2.0
Armour         | 2 |  2.5
Unarmed Combat | 1 2 |  2.0
Fighting       | |  3.9
Stealth        | |  0.5
Invocations    | |  2.4

Action                   |  1- 3 |  4- 6 || total
-------------------------+-------+-------++-------
Melee: Falchion          |    22 |       ||    22
       Punch             |     1 |       ||     1
       Unarmed           |   136 |    97 ||   233
       Touch             |    23 |    10 ||    33
Invok: Depart the Abyss  |     1 |       ||     1
  Use: Scroll            |     5 |       ||     5
       Potion            |       |     2 ||     2
Armor: Leather armour    |    50 |    27 ||    77
       Skin              |       |     6 ||     6
Dodge: Dodged            |   122 |    75 ||   197

Table legend: (Time is in decaauts)
 A = Elapsed time spent in this place.
 B = Non-inter-level travel time spent in this place.
 C = Inter-level travel time spent in this place.
 D = Time resting spent in this place.
 E = Time spent auto-exploring this place.
 F = Levels seen in this place.
 G = Mean time per level.
                   A        B        C        D        E       F      G
               +--------+--------+--------+--------+--------+-----+--------+
         Total |   5177 |   5099 |     78 |   1644 |   2785 |   5 | 1035.4 |
       Dungeon |   5177 |   5099 |     78 |   1644 |   2785 |   4 | 1294.2 |
         Abyss |      0 |      0 |      0 |      0 |      0 |   1 |    0.0 |
               +--------+--------+--------+--------+--------+-----+--------+

Top non-repeatable levels by time:
     D:3: 2094 daAuts
     D:1: 1640 daAuts
     D:2: 1428 daAuts
     D:4: 14 daAuts
